Map: Ultralove

Players

ManlyManMeat - Winner!

  • Race: Zerg Zerg
  • League: Diamond
  • Spawn Location: 7:00

omax

  • Race: Protoss Protoss
  • League: Diamond
  • Spawn Location: 1:00

VOD

Have the link to the VOD?

Description

Time

  • Played on: July 10, 2025, 8:43 a.m.
  • Length: 9:26
Show
View Real Time Build Order
Export as new Build Order

ManlyManMeat Zerg - Winner!

Build Orders: Hatch First 

Get SALT Encoding   

  12  0:02  Drone  
  13  0:09  Drone  
  14  0:16  Drone, Extractor  
  15  0:21  Overlord  
  15  0:42  Drone  
  16  0:45  Hatchery  
  16  0:49  Drone  
  16  0:53  Drone  
  16  0:56  Drone  
  18  1:06  Extractor  
  17  1:12  Spawning Pool  
  17  1:15  Drone  
  18  1:18  Drone  
  18  1:29  Drone  
  19  1:39  Drone  
  20  1:59  Queen x2  
  24  2:05  Zergling x2  
  24  2:06  Zergling x2  
  24  2:07  Overlord  
  26  2:22  Hatchery  
  25  2:35  Queen  
  27  2:40  Drone x3  
  30  2:45  Drone  
  30  2:46  Drone  
  32  2:56  Drone x2  
  34  3:02  Overlord  
  34  3:04  Overlord  
  33  3:22  Drone  
  33  3:23  Drone x4  
  33  3:27  Lair  
  38  3:30  Evolution Chamber  
  38  3:32  Drone x2  
  39  3:37  Queen  
  41  3:50  Spore Crawler  
  41  3:52  Drone, Spore Crawler  
  41  3:53  Drone, Zergling x2  
  41  3:54  Zergling x4  
  44  3:57  Overlord  
  44  4:09  Drone x3  
  48  4:10  Drone, Overlord  
  48  4:26  Zerg Missile Weapons Level 1  
  48  4:27  Roach Warren  
  48  4:30  Drone x3, Extractor  
  49  4:31  Drone x2, Extractor  
  49  4:32  Drone  
  51  4:40  Zergling x2  
  51  4:41  Zergling x8  
  56  4:46  Overseer  
  56  4:52  Drone x2  
  58  5:06  Overseer  
  58  5:11  Zergling x2, Roach  
  58  5:12  Roach x2  
  58  5:14  Glial Reconstitution  
  65  5:16  Extractor, Roach  
  65  5:17  Overlord x2  
  66  5:30  Overlord  
  66  5:31  Overlord  
  66  5:34  Overlord  
  66  5:36  Spine Crawler  
  66  5:37  Spore Crawler  
  66  5:39  Spine Crawler  
  66  5:40  Spine Crawler  
  66  5:41  Drone x4  
  66  5:55  Zergling x4  
  66  5:56  Zergling x8  
  72  6:01  Roach x3  
  78  6:12  Drone x4  
  78  6:13  Drone x2  
  78  6:18  Roach x2  
  88  6:21  Zerg Ground Armor Level 1  
  88  6:25  Metabolic Boost  
  85  6:30  Zergling x6  
  82  6:36  Roach x3  
  88  6:45  Roach x4  
  93  6:51  Drone x3  
  96  6:57  Overlord x2  
  96  7:09  Baneling Nest, Overlord x2  
  96  7:12  Evolution Chamber  
  94  7:16  Hydralisk Den  
  91  7:28  Ravager x2  
  85  7:32  Roach x2  
  85  7:33  Roach x7  
  101  7:48  Roach x8  
  117  7:54  Zergling x8  
  121  8:12  Roach x2  
  119  8:13  Roach x6  
  106  8:20  Roach x4  
  108  8:30  Zergling x2, Ravager  
  108  8:31  Zergling x12  
  114  8:44  Drone x2  
  114  8:45  Drone x2  
  114  8:46  Overlord  
  106  9:05  Roach  
  106  9:06  Roach x7  
  106  9:09  Drone x3  
  121  9:10  Drone x2  
Show
View Real Time Build Order
Export as new Build Order

omax Protoss 

Build Orders: Zealot Archon 

Get SALT Encoding   

  1  0:00  Probe  
  12  0:05  Probe  
  14  0:15  Probe  
  15  0:28  Pylon  
  15  0:46  Probe  
  15  0:48  Gateway  
  16  0:54  Forge  
  16  0:59  Probe  
  16  1:02  Assimilator  
  17  1:06  Assimilator  
  17  1:07  Probe  
  18  1:19  Probe  
  18  1:21  Pylon  
  19  1:32  Probe  
  20  1:38  Cybernetics Core  
  20  1:44  Probe  
  21  1:56  Photon Cannon  
  21  2:04  Probe  
  22  2:12  Probe  
  22  2:16  Robotics Facility  
  22  2:20  Probe  
  23  2:24  Twilight Council  
  24  2:31  Stalker  
  24  2:35  Warp Gate  
  26  2:47  Probe  
  27  2:59  Probe  
  28  3:07  Nexus  
  28  3:16  Probe  
  28  3:18  Charge  
  29  3:20  Observer  
  29  3:24  Pylon  
  30  3:31  Pylon  
  30  3:32  Probe  
  31  3:42  Stalker  
  31  3:44  Probe  
  34  3:54  Gateway  
  34  3:58  Shield Battery  
  34  4:00  Probe  
  34  4:02  Gateway  
  35  4:12  Probe  
  35  4:15  Shield Battery  
  36  4:19  Gateway  
  36  4:23  Observer  
  36  4:26  Probe x2  
  38  4:34  Probe x2  
  38  4:35  Protoss Ground Weapons Level 1, Assimilator  
  38  4:38  Assimilator  
  39  4:44  Probe  
  40  4:50  Zealot x2  
  40  4:51  Probe  
  46  4:56  Pylon  
  46  5:03  Gateway  
  46  5:06  Probe x2  
  48  5:16  Gateway  
  48  5:18  Probe x2  
  48  5:21  Templar Archives  
  50  5:22  Observer  
  50  5:33  Probe x2  
  52  5:46  Zealot x4  
  60  5:54  Forge  
  59  5:57  Pylon  
  59  6:07  Probe x2  
  61  6:14  Nexus  
  61  6:18  Pylon  
  61  6:22  Probe x2  
  63  6:30  Zealot  
  63  6:31  Zealot x3  
  59  6:51  Gateway  
  59  6:53  Gateway  
  59  6:55  Pylon  
  59  6:56  Pylon, Zealot  
  59  6:57  Zealot x2  
  59  6:59  Zealot  
  67  7:11  Probe x2  
  67  7:15  Zealot x2  
  71  7:17  Shield Battery  
  71  7:19  Shield Battery  
  69  7:25  High Templar x4  
  69  7:30  Archon x2  
  69  7:42  High Templar x2  
  65  7:46  Archon  
  64  7:58  Zealot x6  
  68  8:18  Immortal  
  64  8:25  High Templar  
  64  8:26  High Templar x7  
  74  8:33  Archon x3  
  74  8:34  Archon  
  70  8:58  Zealot  
  70  8:59  Zealot x6  
  70  9:01  Zealot  
Tags
 
Composition
Zealot Archon
Matchup
PvZ
Replay Pack
Myownreplay2
Spawn Locations
Cross Positions
Add a new tag
Caveats
  • Supply blocks, unpowered buildings, or Contaminate may cause inaccurate times.
  • Supply counts are checked every 10 seconds.